 Dungeon Crawl Stone Soup version 0.22.0-25-g7663229 (webtiles) character file.

351662 kuniqs the Eclecticist (level 20, -17/94 HPs)
             Began as a Spriggan Venom Mage on Aug 19, 2018.
             Was the Champion of Fedhas.
             Hit by a large rock thrown by a stone giant (30 damage)
             ... on level 5 of the Vaults on Aug 20, 2018.
             The game lasted 03:23:01 (66418 turns).

kuniqs the Eclecticist (Spriggan Venom Mage)       Turns: 66418, Time: 03:23:02

Health: -17/94     AC: 16    Str:  8    XL:     20   Next: 94%
Magic:  30/61      EV: 36    Int: 33    God:    Fedhas [******]
Gold:   1914       SH: 14    Dex: 34    Spells: 10/55 levels left

rFire    + . .     SeeInvis +   b - +0 hand axe "Netioc" {speed, Int+3}
rCold    + . .     Gourm    .   N - +3 buckler
rNeg     + . .     Faith    +   m - +4 swamp dragon scales "Lodixy" {rPois MR- MP+9 Dex+7}
rPois    +         Spirit   .   B - +2 hat
rElec    +         Reflect  .   k - +2 cloak
rCorr    .         Harm     .   (gloves unavailable)
MR       +++++                  (boots unavailable)
Stlth    +++++++...             O - amulet "Hemybu" {Faith MR+ Int+6 Dex+4}
HPRegen  0.25/turn              q - ring of Joteit {rF+ rC+ MR+ Str+4 SInv}
MPRegen  0.37/turn              l - ring of the Centipede {rElec rN+ MR+ MP+9}

@: agile, very slightly contaminated, very quick
A: very small, unfitting armour, see invisible, herbivore, speed 3, slow
metabolism 2
}: 3/15 runes: decaying, serpentine, silver
a: Fungal Bloom, Sunlight, Evolution, Growth, Reproduction, Rain, Renounce
Religion


You were on level 5 of the Vaults.
You worshipped Fedhas.
Fedhas was exalted by your worship.
You were completely stuffed.

You visited 7 branches of the dungeon, and saw 37 of its levels.
You visited 1 bazaar.
You also visited: Bailey.

You collected 4516 gold pieces.
You spent 2602 gold pieces at shops.

Inventory:

Hand Weapons
 b - the +0 hand axe "Netioc" (weapon) {speed, Int+3}
   (You bought it in a shop in a bazaar)

   Attacks with this weapon are significantly faster.
   It affects your intelligence (+3).
Missiles
 G - 6 throwing nets
 S - 400 stones (quivered)
Armour
 k - a +2 cloak (worn)
 m - the +4 swamp dragon scales "Lodixy" (worn) {rPois MR- MP+9 Dex+7}
   (You acquired it on level 4 of the Swamp)

   It affects your dexterity (+7).
   It protects you from poison.
   It affects your resistance to hostile enchantments.
   It affects your magic capacity (+9).
 B - a +2 hat (worn)
 H - a +2 robe of resistance
 N - a +3 buckler (worn)
Magical Staves
 K - an uncursed staff of wizardry
Jewellery
 l - the ring of the Centipede (right hand) {rElec rN+ MR+ MP+9}
   (You bought it in a shop in a bazaar)

   [ring of magical power]

   It insulates you from electricity.
   It protects you from negative energy.
   It affects your resistance to hostile enchantments.
   It affects your magic capacity (+9).
 q - the ring of Joteit (left hand) {rF+ rC+ MR+ Str+4 SInv}
   (You took it off a vault guard on level 5 of the Vaults)

   [ring of see invisible]

   It affects your strength (+4).
   It protects you from fire.
   It protects you from cold.
   It affects your resistance to hostile enchantments.
   It lets you see invisible.
 w - an uncursed ring of wizardry
 O - the amulet "Hemybu" (around neck) {Faith MR+ Int+6 Dex+4}
   (You found it on level 3 of the Swamp)

   [amulet of faith]

   It allows you to gain divine favour quickly.
   It affects your intelligence (+6).
   It affects your dexterity (+4).
   It affects your resistance to hostile enchantments.
Wands
 o - a wand of polymorph (18)
 s - a wand of paralysis (3)
 y - a wand of acid (14)
 F - a wand of disintegration (6)
 J - a wand of enslavement (11)
 Q - a wand of clouds (3)
 V - a wand of flame (31)
 Y - a wand of iceblast (11)
Scrolls
 e - 8 scrolls of blinking
 j - 2 scrolls of silence
 r - 5 scrolls of amnesia
 t - 5 scrolls of teleportation
 u - 20 scrolls of remove curse {@r2}
 v - 5 scrolls of fog
 z - 2 scrolls of vulnerability
 C - 4 scrolls of immolation
 D - 3 scrolls of magic mapping
 I - 2 scrolls of summoning
 L - 5 scrolls of fear
 R - 6 scrolls of enchant armour
 W - 8 scrolls of identify {@r1}
Potions
 a - 3 potions of brilliance
 d - 10 potions of flight
 f - 3 potions of cancellation
 g - 2 potions of resistance
 h - 6 potions of lignification
 i - 5 potions of magic
 n - 3 potions of agility
 p - 6 potions of mutation
 x - 9 potions of curing {@q1}
 A - 2 potions of heal wounds
 E - 3 potions of haste
Miscellaneous
 M - a fan of gales
 U - a lamp of fire
 X - 2 sacks of spiders
Comestibles
 c - 7 rations


   Skills:
 - Level 6.0 Fighting
   Level 7.2 Slings
   Level 6.1 Crossbows
 - Level 14.0 Dodging
 - Level 14.0 Stealth
 - Level 7.2 Shields
 + Level 18.1 Spellcasting
 - Level 11.1 Conjurations
 - Level 7.0 Hexes
 - Level 10.0 Charms
 * Level 6.0 Summonings
 - Level 6.0 Necromancy
 - Level 4.7 Translocations
 + Level 9.2 Earth Magic
 - Level 13.0 Poison Magic
 - Level 14.0 Invocations
 - Level 10.0 Evocations


You had 10 spell levels left.
You knew the following spells:

 Your Spells              Type           Power        Failure   Level  Hunger
a - Iskenderun's Battles  Conj/Chrm      #######.     1%          5    None
b - Lee's Rapid Deconstr  Erth           ######....   2%          5    None
c - Mephitic Cloud        Conj/Pois/Air  ######..     1%          3    None
d - Olgreb's Toxic Radia  Pois           #######.     1%          4    None
e - Venom Bolt            Conj/Pois      #######...   1%          5    None
f - Cause Fear            Hex            ######....   2%          4    None
g - Fulminant Prism       Conj/Hex       ######....   1%          4    None
h - Iskenderun's Mystic   Conj           #######.     1%          4    None
i - Passage of Golubria   Tloc           N/A          5%          4    None
j - Bolt of Draining      Conj/Necr      ######....   3%          5    None
k - Sandblast             Erth           ######       1%          1    None
l - Summon Butterflies    Summ           ######..     1%          1    None

Your spell library contained the following spells:

 Spells                   Type           Power        Failure   Level  Hunger
 Apportation              Tloc           ######       1%          1    None
 Confusing Touch          Hex            ######       1%          1    None
 Corona                   Hex            ######.      1%          1    None
 Magic Dart               Conj           ####         1%          1    None
 Sting                    Conj/Pois      ####         1%          1    None
 Blink                    Tloc           N/A          1%          2    None
 Passwall                 Tmut/Erth      ######..     1%          2    None
 Poisonous Vapours        Pois/Air       ######       1%          2    None
 Searing Ray              Conj           ######       1%          2    None
 Shroud of Golubria       Chrm/Tloc      ######....   1%          2    None
 Slow                     Hex            ######..     1%          2    None
 Throw Flame              Conj/Fire      ######       1%          2    None
 Confuse                  Hex            ######..     1%          3    None
 Dazzling Spray           Conj/Hex       ######       1%          3    None
 Gell's Gravitas          Tloc           ######....   1%          3    None
 Lesser Beckoning         Tloc           ######....   1%          3    None
 Portal Projectile        Hex/Tloc       ######       1%          3    None
 Stone Arrow              Conj/Erth      ######       1%          3    None
 Teleport Other           Tloc           ######..     1%          3    None
 Tukima's Dance           Hex            ######..     1%          3    None
 Force Lance              Conj/Tloc      ######..     1%          4    None
 Leda's Liquefaction      Hex/Erth       ######....   1%          4    None
 Inner Flame              Hex/Fire       ######..     2%          3    None
 Petrify                  Tmut/Erth      ######..     6%          4    None
 Bolt of Magma            Conj/Fire/Erth ######....   6%          5    None
 Alistair's Intoxication  Tmut/Pois      ######..     8%          5    None
 Iron Shot                Conj/Erth      #######...   9%          6    None
 Summon Lightning Spire   Summ/Air       #####...     11%         4    None
 Metabolic Englaciation   Hex/Ice        ######....   26%         5    None
 Silence                  Hex/Air        ######....   26%         5    None
 Yara's Violent Unravell  Hex/Tmut       ######....   26%         5    None
 Invisibility             Hex            ######..     32%         6    None
 Orb of Destruction       Conj           #######...   32%         7    ###....
 Conjure Ball Lightning   Conj/Air       ######....   52%         6    None
 Deflect Missiles         Chrm/Air       ######....   58%         6    None
 Spellforged Servitor     Conj/Summ      ######....   67%         7    ###....
 Tornado                  Air            ####......   100%        9    ######.


Dungeon Overview and Level Annotations

Branches:
Dungeon (15/15)            Temple (1/1) D:7            Lair (6/6) D:10
  Swamp (4/4) Lair:3        Snake (4/4) Lair:4        Slime (0/5) Lair:5
    Orc (2/2) D:10            Elf (0/3) Orc:2        Vaults (5/5) D:13
  Crypt (0/3) Vaults:3     Depths (0/5) D:15

Altars:
Ashenzari
Cheibriados
Dithmenos
Elyvilon
Fedhas
Gozag
Hepliaklqana
Kikubaaqudgha
Makhleb
Nemelex Xobeh
Okawaru
Qazlal
Ru
Sif Muna
Trog
Uskayaw
Vehumet
Wu Jian
Xom
Yredelemnul
Zin
The Shining One
Beogh

Shops:
D:7 [   Orc:2 ::(*!

Annotations:
D:6 2 transporters FOOD, Enish's ghost, amateur DEHu
D:14 2 transporters, Lutooj's ghost, journeyman MiFi
Lair:1 3 runed doors, Fuanat's ghost, novice DDFi
Swamp:2 2 transporters, p0werm0de's ghost, journeyman VSWn
Snake:3 Vashnia
Vaults:2 3 runed doors, Tayfeniu's ghost, adept MiFi; Ynyr's ghost, adept MfSk


Innate Abilities, Weirdness & Mutations

You are very small and have problems with some larger weapons.
You are too small for most types of armour.
You have supernaturally acute eyesight. (SInv)
You are a herbivore.
You cover ground extremely quickly.
You need to consume almost no food.


Message History

A vault ward'n comes inta view.
It be wieldin' a dire flail.
Tha titan waves its arms in wide circles.
Tha air twists around an' strikes ye!
* * * LOW HITPOINT WARNIN'
* * * Tha vault ward'n throws a stone.
Tha stone misses ye.
A deep elf high priest comes inta view.
It be wieldin' a long sword.
Tha deep elf high priest cries.
Yer too full ta eat anythin'.
Unknown command.
Blink ta where?
As ye read tha scroll o' blinkin', it crumbles ta dust.
Fedhas appreciates ongoin' decay. x2
Okay, than.
Ye feel a little guilty.
Ye feel agile all o' a sudd'n.
Ye feel a little guilty.
Tha stone giant shouts!
Tha stone giant throws a large rock.
Tha large rock hits ye!!
Ye die...
Fedhas appreciates yer contribution ta tha ecosystem.

#..#####(...##.,,..##....#####...
#..#,,*#....##,,,,,##....#*,,#...
#..#,,,##....#*,,,*#....##,,,#...
#..#,,,*#....##,,,##....#*,,.#...
#..#,,,,##....#*,*#....##,,..#...
#..#,..,*#.C..##,##[...#*,...#...
#..#,...ยง##....#*#.)..##,....#...
#..#,....##..).###....##.....#...
#..#,[......)..(@............#...
#..#,....##....#.#....##.....#...
#..#,...,##....#.#....##,....#...
#..#,,.,*#....##.##....#*,...#...
#..#,,,,##..).##.##....##,,..#...
#..#,,,*#....##...##....#*,,.#.p.
#..#,,,##....##...*#.[..##,,,#...
#.(#,,*#....##....,##....#*,,#...
#..#####....##.....##....#####...


You could see a stone giant.

Vanquished Creatures
  Sojobo (Vaults:2)
  Frederick (Vaults:2)
  A bone dragon (Vaults:3)
  A tentacled monstrosity (Vaults:1)
  Frances (Snake:1)
  Agnes (D:15)
  3 sphinxes
  2 tengu reavers (Vaults:2)
  7 nagarajas
  A deep elf sorcerer (Vaults:5)
  7 vault wardens
  2 orc warlords (Vaults:4)
  3 frost giants
  2 very ugly things (Swamp:4)
  7 ironheart preservers
  An entropy weaver (Vaults:4)
  5 stone giants
  A deep elf annihilator (Vaults:1)
  A fire dragon (Lair:6)
  Snorg (D:12)
  A crystal guardian (Vaults:4)
  2 green deaths (Swamp:4)
  A deep elf high priest (Vaults:5)
  A rakshasa (Vaults:1)
  10 ogre magi
  4 yaktaur captains
  Josephine (Orc:1)
  8 naga warriors
  19 vault guards
  2 great orbs of eyes
  14 hydras
  8 ice dragons
  14 anacondas
  5 centaur warriors
  35 two-headed ogres
  A deep troll shaman (Vaults:3)
  13 alligators
  A thrashing horror (Swamp:4)
  5 orc high priests (Vaults:4)
  16 naga sharpshooters
  A deep elf knight (Vaults:5)
  9 skeletal warriors
  Nergalle (D:11)
  2 shadow wraiths
  A sea snake (Snake:3)
  3 unseen horrors
  2 salamander mystics (Snake:3)
  A spriggan druid (Swamp:4)
  7 deep trolls
  2 wizards
  2 flayed ghosts
  3 naga ritualists
  2 lindwurms
  2 swamp dragons
  A deep elf archer (Vaults:1)
  An orb spider (shapeshifter) (Vaults:1)
  5 wandering mushrooms
  15 ironbrand convokers
  7 mana vipers
  A necromancer (Vaults:2)
  10 deep elf magi
  17 orc knights
  6 wolf spiders
  5 orc sorcerers
  15 ugly things
  5 manticores
  22 slime creatures
  9 salamanders
  7 cyclopes
  A shining eye (shapeshifter) (Vaults:1)
  A salamander (shapeshifter) (Vaults:4)
  An eye of devastation (Snake:4)
  35 black mambas
  A sphinx skeleton (Vaults:2)
  14 naga magi
  A molten gargoyle (Lair:6)
  A frost giant skeleton (Vaults:2)
  4 vault sentinels
  A torpor snail (Snake:3)
  9 elephants
  A black mamba (shapeshifter) (Vaults:4)
  A guardian serpent (shapeshifter) (Vaults:1)
  5 guardian serpents
  2 orange demons (Swamp:4)
  13 spiny frogs
  34 yaktaurs
  4 kobold demonologists
  11 komodo dragons
  A rime drake (shapeshifter) (D:15)
  3 rime drakes
  7 freezing wraiths
  7 trolls
  A yaktaur skeleton (Vaults:2)
  5 polar bears
  5 tyrant leeches
  6 hornets
  A hornet (shapeshifter) (Vaults:2)
  A harpy skeleton (D:13)
  A blink frog (shapeshifter) (Vaults:3)
  9 blink frogs
  2 bog bodies (Swamp:1)
  8 hippogriffs
  7 shadows
  2 wraiths
  6 spriggans
  A redback (Vaults:4)
  8 basilisks
  A fire bat (D:14)
  3 wyverns
  39 yaks
  A steam dragon (Lair:6)
  22 vampire mosquitoes
  Menkaure (D:4)
  10 wargs
  2 acid dragons
  17 insubstantial wisps
  38 nagas
  14 swamp worms
  A small abomination (Swamp:4)
  10 water moccasins
  Duvessa (D:5)
  2 hell hounds (Lair:6)
  10 porcupines
  36 orc warriors
  3 phantoms
  6 swamp drakes
  6 sky beasts
  4 black bears
  35 ogres
  3 wolves (Lair:3)
  10 centaurs
  9 crocodiles
  3 big kobolds
  20 bullfrogs
  A gnoll sergeant (D:6)
  A glowing shapeshifter simulacrum (Vaults:2)
  A water moccasin zombie (D:6)
  5 scorpions
  Dowan (D:5)
  A human simulacrum (Vaults:3)
  7 killer bees
  2 wights (D:11)
  A howler monkey (D:6)
  5 lava snakes (Lair:6)
  4 crimson imps
  2 centaur zombies
  2 bullfrog zombies
  5 jellies
  2 quasits
  14 orc priests
  A bullfrog skeleton (D:12)
  Crazy Yiuf (D:2)
  9 hounds
  5 centaur skeletons
  4 iguanas
  Natasha (thrice) (D:3)
  24 orc wizards
  Ijyb (D:3)
  7 worker ants
  A killer bee zombie (D:6)
  2 hound skeletons
  A worker ant zombie (D:5)
  18 gnolls
  5 adders
  3 shadow imps
  4 oozes
  2 adder skeletons (D:6)
  A worm (shapeshifter) (Vaults:4)
  4 worms
  6 dart slugs
  4 leopard geckos
  98 orcs
  2 giant cockroaches
  8 goblins
  14 hobgoblins
  10 jackals
  4 quokkas
  5 bats
  6 frilled lizards
  A giant cockroach zombie (D:6)
  33 kobolds
  A quokka skeleton (D:4)
  4 rats
  2 fulminant prisms
  A pillar of salt (Vaults:4)
  3 toadstools
1254 creatures vanquished.

Vanquished Creatures (collateral kills)
  A golden dragon (Vaults:5)
  A lich (Vaults:5)
  A tentacled monstrosity (Swamp:4)
  A titan (Vaults:5)
  2 shadow dragons (Vaults:5)
  A storm dragon (Vaults:5)
  4 nagarajas (Snake:4)
  2 tengu reavers (Vaults:5)
  A frost giant (shapeshifter) (Vaults:5)
  A deep elf sorcerer (Vaults:5)
  2 vault wardens (Vaults:5)
  An ironheart preserver (Vaults:5)
  A war gargoyle (Vaults:5)
  2 stone giants (Vaults:5)
  A yaktaur captain (Vaults:5)
  7 hydras
  18 vault guards (Vaults:5)
  3 naga warriors (Snake:4)
  2 anacondas (Snake:4)
  4 two-headed ogres
  2 centaur warriors (D:15)
  An ogre mage (Vaults:5)
  A thrashing horror (Swamp:4)
  2 deep elf knights
  6 naga sharpshooters (Snake:4)
  3 skeletal warriors (D:14)
  2 swamp dragons (Swamp:4)
  3 naga ritualists (Snake:4)
  3 salamander mystics (Snake:4)
  A deep troll (Vaults:5)
  2 phantasmal warriors
  A lindwurm (Lair:3)
  3 orc knights
  An orc sorcerer (Orc:2)
  2 mana vipers (Snake:4)
  2 cyclopes
  4 ironbrand convokers (Vaults:5)
  4 ugly things
  2 deep elf magi
  A slime creature (Vaults:1)
  4 elephants
  An elephant (shapeshifter) (Vaults:5)
  4 guardian serpents (Snake:4)
  4 black mambas
  3 naga magi (Snake:4)
  3 vault sentinels (Vaults:5)
  A molten gargoyle (Lair:6)
  3 spiny frogs
  A wandering mushroom (Lair:6)
  8 komodo dragons
  An efreet (D:15)
  4 yaktaurs
  3 rime drakes
  2 trolls
  A hornet (Lair:3)
  2 hippogriffs
  6 blink frogs
  2 shadows (Swamp:4)
  A water elemental (D:15)
  4 wraiths
  A vampire (D:14)
  8 yaks
  3 basilisks
  5 vampire mosquitoes
  A steam dragon (Lair:6)
  A soldier ant (D:15)
  16 nagas (Snake:4)
  2 hell hounds (Lair:6)
  A warg (Vaults:1)
  6 water moccasins
  2 porcupines (Lair:3)
  A swamp drake (Lair:3)
  A black bear (shapeshifter) (D:14)
  An ice beast (D:15)
  An orc warrior (Vaults:1)
  A wolf (Lair:3)
  An ice beast (shapeshifter) (D:15)
  A phantom (D:13)
  5 ogres (Orc:2)
  2 centaurs
  8 crocodiles
  2 big kobolds (D:13)
  3 bullfrogs
  3 killer bees (D:13)
  A wight (D:11)
  2 crimson imps (D:12)
  A jelly (Lair:5)
  2 centaur skeletons
  An orc priest (D:14)
  A bullfrog skeleton (D:12)
  An iguana (Lair:3)
  2 orc wizards (Vaults:1)
  A gnoll (Bailey)
  A shadow imp (D:15)
  An orc (Orc:1)
  2 kobolds (D:13)
  A rat (shapeshifter) (Vaults:5)
  A plant (Lair:2)
254 creatures vanquished.

Vanquished Creatures (others)
  A thorn hunter (Swamp:4)
  A hydra (Swamp:4)
  A two-headed ogre (Orc:2)
  A spriggan druid (Swamp:3)
  2 shambling mangroves
  An oklob plant (Lair:3)
  A slime creature (D:15)
  A spiny frog (Swamp:3)
  A redback zombie (D:15)
  68 wandering mushrooms
  A tyrant leech (Swamp:3)
  2 hornets (Swamp:3)
  6 bog bodies
  A vampire mosquito (Swamp:3)
  A swamp worm (Swamp:1)
  A swamp drake (Swamp:1)
  2 necrophages
  A bush (D:15)
  180 fulminant prisms
  12 fungi
  5 pillars of salt (Vaults:4)
  28 plants
  1539 toadstools
  6 withered plants (Vaults:2)
1863 creatures vanquished.

Grand Total: 3371 creatures vanquished

Notes
Turn   | Place    | Note
-------+----------+-------------------------------------------
     0 | D:1      | kuniqs the Spriggan Venom Mage began the quest for the Orb.
     0 | D:1      | Reached XP level 1. HP: 9/9 MP: 5/5
   145 | D:1      | Reached skill level 1 in Conjurations
   258 | D:1      | Reached XP level 2. HP: 13/13 MP: 3/6
   302 | D:1      | Learned a level 2 spell: Poisonous Vapours
   549 | D:2      | Found an opulent altar of Gozag.
   756 | D:2      | Found a sacrificial altar of Ru.
   871 | D:2      | Found a runed door.
   875 | D:2      | Noticed Crazy Yiuf
   884 | D:2      | Killed Crazy Yiuf
   884 | D:2      | Reached XP level 3. HP: 16/16 MP: 2/8
  1466 | D:2      | Reached XP level 4. HP: 21/21 MP: 5/9
  1509 | D:2      | Found a sparkling altar of Nemelex Xobeh.
  1702 | D:3      | Reached skill level 1 in Evocations
  1836 | D:3      | Reached skill level 1 in Slings
  1839 | D:3      | Found a shimmering altar of Xom.
  1961 | D:3      | Noticed Ijyb
  2018 | D:3      | Killed Ijyb
  2094 | D:3      | Reached XP level 5. HP: 24/24 MP: 5/10
  2202 | D:3      | Noticed Natasha
  2206 | D:3      | Killed Natasha
  2263 | D:3      | Noticed Natasha
  2270 | D:3      | Killed Natasha
  2511 | D:3      | Noticed Natasha
  2519 | D:3      | Killed Natasha
  2754 | D:4      | Reached XP level 6. HP: 28/28 MP: 6/11
  2802 | D:4      | Found a shadowy altar of Dithmenos.
  2822 | D:4      | Learned a level 3 spell: Mephitic Cloud
  2827 | D:4      | Learned a level 4 spell: Olgreb's Toxic Radiance
  2836 | D:4      | Reached skill level 5 in Dodging
  3326 | D:4      | Noticed Menkaure
  3700 | D:4      | Killed Menkaure
  3700 | D:4      | Reached XP level 7. HP: 32/32 MP: 12/12
  3805 | D:5      | Entered Level 5 of the Dungeon
  3899 | D:5      | Found a deep blue altar of Sif Muna.
  3937 | D:5      | Reached skill level 5 in Poison Magic
  4344 | D:5      | Reached XP level 8. HP: 17/36 MP: 2/13
  4688 | D:5      | Noticed Dowan
  4691 | D:5      | Noticed Duvessa
  4703 | D:5      | Killed Dowan
  4741 | D:5      | Killed Duvessa
  4741 | D:5      | Reached skill level 5 in Evocations
  5150 | D:6      | Reached skill level 5 in Slings
  5480 | D:6      | Found a transporter.
  5490 | D:6      | Noticed Enish's ghost (amateur DEHu)
  5493 | D:6      | Found a transporter.
  6069 | D:7      | Found a bloodstained altar of Trog.
  6069 | D:7      | Noticed a hippogriff
  6083 | D:7      | Killed a hippogriff
  6260 | D:7      | Found Dymotoit's Antique Armour Shoppe.
  6310 | D:7      | Found a staircase to the Ecumenical Temple.
  6312 | D:7      | Reached XP level 9. HP: 39/39 MP: 3/14
  6395 | Temple   | Entered the Ecumenical Temple
  6434 | Temple   | Became a worshipper of Fedhas Madash
  6582 | D:7      | Found a blossoming altar of Fedhas.
  7067 | D:7      | Reached skill level 1 in Invocations
  8243 | D:8      | Found a hazy altar of Hepliaklqana.
  8431 | D:8      | Reached * piety under Fedhas
  8590 | D:9      | Reached skill level 5 in Conjurations
  8775 | D:9      | Found a radiant altar of Vehumet.
  8896 | D:9      | Reached skill level 10 in Dodging
  8924 | D:9      | Noticed a two-headed ogre
  8952 | D:9      | Killed a two-headed ogre
  8952 | D:9      | Reached XP level 10. HP: 44/44 MP: 6/15
  9043 | D:9      | Noticed a two-headed ogre
  9084 | D:9      | Killed a two-headed ogre
  9494 | D:9      | Reached skill level 3 in Spellcasting
  9620 | D:10     | Entered Level 10 of the Dungeon
  9620 | D:10     | Found a staircase to the Lair.
  9670 | D:10     | Reached skill level 5 in Invocations
  9892 | D:9      | Reached ** piety under Fedhas
 10266 | D:10     | Reached skill level 4 in Spellcasting
 10431 | D:10     | Found a staircase to the Orcish Mines.
 10446 | D:10     | Found a roughly hewn altar of Beogh.
 10844 | D:11     | Noticed a sun demon
 10947 | D:11     | Reached skill level 5 in Spellcasting
 11094 | D:11     | Reached XP level 11. HP: 47/47 MP: 8/20
 11192 | D:11     | Noticed Nergalle
 11212 | D:11     | Killed Nergalle
 11502 | Lair:1   | Entered Level 1 of the Lair of Beasts
 11603 | Lair:1   | Reached skill level 6 in Spellcasting
 11987 | Lair:1   | Learned a level 5 spell: Venom Bolt
 12230 | Lair:1   | Found a runed gate.
 12232 | Lair:1   | Found a runed gate.
 12234 | Lair:1   | Found a runed gate.
 12234 | Lair:1   | Noticed Fuanat's ghost (novice DDFi)
 12246 | Lair:1   | Noticed a nine-headed hydra
 12247 | Lair:1   | Noticed an 11-headed hydra
 12441 | Lair:1   | Reached skill level 7 in Spellcasting
 13013 | Lair:1   | Learned a level 4 spell: Cause Fear
 13537 | Lair:2   | Reached skill level 8 in Spellcasting
 13627 | Lair:2   | Reached skill level 1 in Hexes
 13984 | Lair:2   | THEMATIC
 14013 | Lair:2   | THA FUCK
 14054 | Lair:2   | GONNA THINK FOR A MOMENT...
 14196 | Lair:2   | UH OH
 14911 | Lair:3   | Reached skill level 1 in Fighting
 14920 | Lair:3   | Reached XP level 12. HP: 53/53 MP: 25/25
 15093 | Lair:3   | Reached skill level 1 in Shields
 15119 | Lair:3   | NIO
 15576 | Lair:3   | Reached skill level 5 in Stealth
 15691 | Lair:3   | Reached skill level 9 in Spellcasting
 15712 | Lair:3   | Killed an eight-headed hydra
 15712 | Lair:3   | Reached skill level 10 in Poison Magic
 15714 | Lair:3   | Reached *** piety under Fedhas
 16174 | Lair:3   | Found a staircase to the Swamp.
 17464 | Lair:4   | Found a staircase to the Snake Pit.
 17697 | Lair:4   | Reached **** piety under Fedhas
 17969 | Lair:5   | Got a slimy flail
 17970 | Lair:5   | Identified the +6 flail of Ogear {pain, rF- Dex+3} (You found it on level 5 of the Lair of Beasts)
 18008 | Lair:5   | Found a staircase to the Slime Pits.
 18046 | Lair:5   | Reached XP level 13. HP: 58/59 MP: 27/27
 18753 | Lair:6   | Entered Level 6 of the Lair of Beasts
 18783 | Lair:6   | Reached skill level 5 in Hexes
 19509 | Lair:6   | Noticed a fire dragon
 19514 | Lair:6   | Found a large runed door.
 19564 | Lair:6   | Found a large runed door.
 19744 | Lair:6   | Killed a fire dragon
 19889 | Lair:6   | Reached skill level 10 in Spellcasting
 20368 | Lair:6   | Learned a level 4 spell: Fulminant Prism
 21028 | D:12     | Noticed Snorg
 21047 | D:12     | Killed Snorg
 22411 | D:12     | Reached XP level 14. HP: 48/66 MP: 29/29
 22706 | D:13     | Found a flagged portal.
 22720 | Bailey   | Entered a bailey
 23094 | Bailey   | Reached XP level 15. HP: 70/70 MP: 30/30
 23273 | D:13     | Found a gate to the Vaults.
 23763 | D:13     | Found a burning altar of Makhleb.
 24021 | D:13     | Reached skill level 10 in Stealth
 24700 | D:13     | Reached skill level 11 in Spellcasting
 25163 | D:14     | Noticed a fire giant
 25165 | D:14     | Noticed Lutooj's ghost (journeyman MiFi)
 25170 | D:14     | Found a transporter.
 25258 | D:14     | Found a transporter.
 26656 | D:15     | Entered Level 15 of the Dungeon
 27088 | D:15     | Found a stormy altar of Qazlal.
 27259 | D:15     | Noticed Agnes
 27277 | D:15     | Killed Agnes
 28599 | D:15     | Found a staircase to the Depths.
 28836 | Orc:1    | Entered Level 1 of the Orcish Mines
 28922 | Orc:1    | Noticed Sonja
 28923 | Orc:1    | Noticed Sonja
 28923 | Orc:1    | Sonja changed into Sonja the water moccasin
 28930 | Orc:1    | Killed Sonja the water moccasin
 29053 | Orc:1    | Noticed Josephine
 29062 | Orc:1    | Killed Josephine
 29509 | Orc:2    | Entered Level 2 of the Orcish Mines
 29533 | Orc:2    | Found Cofarat's Book Shoppe.
 29588 | Orc:2    | Found a staircase to the Elven Halls.
 29669 | Orc:2    | Reached skill level 10 in Invocations
 29673 | Orc:2    | Reached skill level 12 in Spellcasting
 29715 | Orc:2    | Reached XP level 16. HP: 75/75 MP: 18/33
 29757 | Orc:2    | Paralysed by an ogre mage for 7 turns
 30441 | Orc:2    | Found Juruaxyo's Weapon Boutique.
 30492 | Orc:2    | Found Doezairr's Distillery.
 30507 | Orc:2    | Found Rebbeatu's Book Emporium.
 30525 | Orc:2    | Bought 8 sling bullets for 72 gold pieces
 30531 | Orc:2    | Found Laesch's General Store.
 30539 | Orc:2    | Bought a scroll of enchant weapon for 127 gold pieces
 30786 | Orc:2    | Bought a book of Power for 540 gold pieces
 30794 | Orc:2    | Learned a level 5 spell: Iskenderun's Battlesphere
 30799 | Orc:2    | Learned a level 4 spell: Iskenderun's Mystic Blast
 30923 | Swamp:1  | Entered Level 1 of the Swamp
 31079 | Swamp:1  | FUCK
 31397 | Swamp:1  | Reached skill level 1 in Charms
 31916 | Swamp:1  | Reached skill level 5 in Fighting
 33586 | Swamp:2  | Found a transporter.
 33593 | Swamp:2  | Found a transporter.
 33593 | Swamp:2  | Noticed p0werm0de's ghost (journeyman VSWn)
 33696 | Swamp:2  | Learned a level 4 spell: Passage of Golubria
 33931 | Swamp:2  | Reached skill level 1 in Translocations
 35527 | Swamp:3  | Found a transporter.
 36100 | Swamp:3  | Found a transporter.
 36523 | Swamp:3  | HI TREE
 36589 | Swamp:3  | Identified Iskenderun's Catalogue of Conjuration
 36597 | Swamp:3  | Learned a level 5 spell: Bolt of Draining
 36718 | Swamp:3  | Reached ***** piety under Fedhas
 36737 | Swamp:3  | Got a pitted bone amulet
 36749 | Swamp:3  | Got a fine turquoise ring
 36752 | Swamp:3  | Got a polished quarterstaff
 36755 | Swamp:3  | Identified the +8 quarterstaff of Disarray {holy, Str-4 Int+2 Dex+2} (You found it on level 3 of the Swamp)
 36759 | Swamp:3  | Identified the amulet "Hemybu" {Faith MR+ Int+6 Dex+4} (You found it on level 3 of the Swamp)
 36763 | Swamp:3  | Identified the ring of Wutah {+Inv rF+ Str+3 Dex-2} (You found it on level 3 of the Swamp)
 36772 | Swamp:4  | Entered Level 4 of the Swamp
 36944 | Swamp:4  | Reached skill level 5 in Charms
 37021 | Swamp:4  | Killed a thorn hunter
 37237 | Swamp:4  | Noticed a tentacled monstrosity
 37359 | Swamp:4  | Killed a tentacled monstrosity
 37359 | Swamp:4  | Reached skill level 1 in Necromancy
 37846 | Swamp:4  | Reached skill level 13 in Spellcasting
 38517 | Swamp:4  | Identified a scroll of acquirement
 38519 | Swamp:4  | Got faintly humming swamp dragon scales
 38530 | Swamp:4  | Identified the +4 swamp dragon scales "Lodixy" {rPois MR- MP+9 Dex+7} (You acquired it on level 4 of the Swamp)
 38818 | Swamp:4  | Reached XP level 17. HP: 48/81 MP: 29/35
 39644 | Swamp:3  | NO
 40269 | Swamp:4  | Got a decaying rune of Zot
 40414 | Snake:1  | Entered Level 1 of the Snake Pit
 40970 | Snake:1  | Noticed Frances
 41442 | Snake:1  | Killed Frances
 43214 | Snake:2  | Identified the +1 rapier of Annoyance {flame, +Inv} (You found it on level 2 of the Snake Pit)
 43808 | Snake:2  | Identified the +4 hand crossbow "Dorucak" {penet, Stlth+} (You found it on level 2 of the Snake Pit)
 44524 | Snake:2  | Reached skill level 1 in Crossbows
 46520 | Snake:3  | Reached skill level 14 in Spellcasting
 47123 | Snake:3  | Noticed Vashnia
 47133 | Snake:3  | Reached skill level 5 in Necromancy
 47983 | Snake:4  | Entered Level 4 of the Snake Pit
 48313 | Snake:4  | Reached XP level 18. HP: 86/86 MP: 21/37
 48835 | Snake:4  | Reached ****** piety under Fedhas
 49008 | Snake:4  | Reached skill level 10 in Charms
 49544 | Snake:4  | Reached skill level 10 in Evocations
 50060 | Snake:4  | Reached skill level 5 in Crossbows
 50457 | Snake:4  | Got a serpentine rune of Zot
 51096 | Snake:4  | Reached skill level 15 in Spellcasting
 51485 | Vaults:1 | Entered Level 1 of the Vaults
 51494 | Vaults:1 | Learned a level 7 spell: Orb of Destruction
 51773 | Vaults:1 | Noticed a tentacled monstrosity
 51808 | Vaults:1 | Killed a tentacled monstrosity
 53151 | Vaults:1 | Upgraded the game from 0.22.0-21-g8bd1b0a to 0.22.0-25-g7663229
 54593 | Vaults:2 | Noticed Frederick
 54604 | Vaults:2 | Killed Frederick
 54604 | Vaults:2 | Reached XP level 19. HP: 78/90 MP: 10/39
 54925 | Vaults:2 | Noticed Sojobo
 54985 | Vaults:2 | Killed Sojobo
 55169 | Vaults:2 | Reached skill level 10 in Conjurations
 55599 | Vaults:2 | Found a runed gate.
 55600 | Vaults:2 | Found a runed gate.
 55600 | Vaults:2 | Found a runed gate.
 55601 | Vaults:2 | Noticed Tayfeniu's ghost (adept MiFi)
 55625 | Vaults:2 | Noticed Ynyr's ghost (adept MfSk)
 57124 | Vaults:3 | Found a flickering gateway to a bazaar.
 57132 | Bazaar   | Entered a bazaar
 57137 | Bazaar   | Found Atreas Fesaa's Book Emporium.
 57158 | Bazaar   | Found Ryowown's Antique Weapon Boutique.
 57158 | Bazaar   | Found Publoiz's Food Boutique.
 57166 | Bazaar   | Bought a polished hand axe for 160 gold pieces
 57166 | Bazaar   | Bought a runed fustibalus for 360 gold pieces
 57168 | Bazaar   | Identified the cursed +0 hand axe "Netioc" {speed, Int+3} (You bought it in a shop in a bazaar)
 57173 | Bazaar   | Found Qezaach's Jewellery Shoppe.
 57181 | Bazaar   | Bought the ring of the Centipede {rElec rN+ MR+ MP+9} for 438 gold pieces
 57192 | Bazaar   | Bought a ration for 50 gold pieces
 57192 | Bazaar   | Bought a ration for 50 gold pieces
 57192 | Bazaar   | Bought a ration for 50 gold pieces
 57192 | Bazaar   | Bought a ration for 50 gold pieces
 57192 | Bazaar   | Bought a ration for 50 gold pieces
 57192 | Bazaar   | Bought a ration for 50 gold pieces
 57192 | Bazaar   | Bought a ration for 50 gold pieces
 57192 | Bazaar   | Bought a ration for 50 gold pieces
 57192 | Bazaar   | Bought a ration for 50 gold pieces
 57231 | Bazaar   | Bought a book of Geomancy for 455 gold pieces
 57236 | Bazaar   | Learned a level 1 spell: Sandblast
 58400 | Vaults:3 | Reached skill level 1 in Earth Magic
 59181 | Vaults:3 | Learned a level 5 spell: Lee's Rapid Deconstruction
 59216 | Vaults:3 | Noticed a bone dragon
 59991 | Vaults:3 | Reached skill level 16 in Spellcasting
 60037 | Vaults:3 | Found a staircase to the Crypt.
 60180 | Vaults:3 | Killed a bone dragon
 60180 | Vaults:3 | Reached skill level 5 in Earth Magic
 61505 | Vaults:4 | Reached XP level 20. HP: 94/94 MP: 41/41
 61868 | Vaults:4 | Reached skill level 17 in Spellcasting
 61964 | Vaults:4 | Found a roughly hewn altar of Beogh.
 62880 | Vaults:4 | Learned a level 1 spell: Summon Butterflies
 63170 | Vaults:4 | Reached skill level 1 in Summonings
 63679 | Vaults:5 | Entered Level 5 of the Vaults
 64344 | Vaults:5 | Noticed a golden dragon
 64411 | Vaults:5 | Killed a golden dragon
 64437 | Vaults:5 | Got a smoking brass ring
 64441 | Vaults:5 | Identified the ring of Joteit {rF+ rC+ MR+ Str+4 SInv} (You took it off a vault guard on level 5 of the Vaults)
 65438 | Vaults:5 | Reached skill level 5 in Summonings
 65498 | Vaults:5 | Reached skill level 18 in Spellcasting
 65541 | Vaults:5 | Got a silver rune of Zot
 66418 | Vaults:5 | Hit by a large rock thrown by a stone giant

Skill      XL: |  1  2  3  4  5  6  7  8  9 10 11 12 13 14 15 16 17 18 19 20 |
---------------+-------------------------------------------------------------+-----
Conjurations   | 1 2 3 4 5 6 7 8 9 11 | 11.1
Evocations     | 1 2 3 4 6 9 10 | 10.0
Dodging        | 4 5 6 8 10 11 12 13 14 | 14.0
Slings         | 1 2 3 4 5 6 7 |  7.2
Poison Magic   | 4 5 6 7 8 9 10 12 13 | 13.0
Invocations    | 4 5 6 7 8 10 11 12 13 14 | 14.0
Spellcasting   | 5 8 9 10 12 13 14 15 16 18 | 18.1
Hexes          | 2 4 6 7 |  7.0
Fighting       | 1 2 4 6 |  6.0
Stealth        | 6 9 12 13 14 | 14.0
Shields        | 2 3 6 7 |  7.2
Charms         | 6 9 10 | 10.0
Translocations | 4 |  4.7
Necromancy     | 2 5 6 |  6.0
Crossbows      | 3 6 |  6.1
Earth Magic    | 6 9 |  9.2
Summonings     | 6 |  6.0

Action                   |  1- 3 |  4- 6 |  7- 9 | 10-12 | 13-15 | 16-18 | 19-21 || total
-------------------------+-------+-------+-------+-------+-------+-------+-------++-------
Melee: Quarterstaff      |     1 |       |       |       |       |       |       ||     1
       Unarmed           |       |       |       |     1 |       |       |       ||     1
       Hand axe          |       |       |       |       |       |       |    38 ||    38
 Fire: Hunting sling     |    10 |   113 |   357 |   973 |  1723 |   748 |       ||  3924
       Hand crossbow     |       |       |       |       |       |   493 |    69 ||   562
 Cast: Sting             |    53 |    54 |    25 |    13 |       |       |       ||   145
       Poisonous Vapours |     2 |    18 |    67 |    90 |    11 |       |       ||   188
       Olgreb's Toxic Ra |       |       |     5 |    10 |    10 |    20 |    53 ||    98
       Mephitic Cloud    |       |       |     1 |    13 |    68 |    31 |    16 ||   129
       Venom Bolt        |       |       |       |       |     7 |    89 |    52 ||   148
       Fulminant Prism   |       |       |       |       |    48 |    99 |    35 ||   182
       Cause Fear        |       |       |       |       |     3 |       |       ||     3
       Iskenderun's Myst |       |       |       |       |       |   395 |    55 ||   450
       Iskenderun's Batt |       |       |       |       |       |    35 |    18 ||    53
       Bolt of Draining  |       |       |       |       |       |   191 |   216 ||   407
       Sandblast         |       |       |       |       |       |       |   150 ||   150
Invok: Fungal Bloom      |       |       |    15 |    81 |   144 |   196 |   121 ||   557
       Evolution         |       |       |       |    16 |    47 |    18 |     7 ||    88
       Rain              |       |       |       |       |       |     1 |     2 ||     3
       Growth            |       |       |       |       |       |     1 |     1 ||     2
Evoke: Wand              |       |     1 |     1 |     7 |    67 |    86 |    11 ||   173
       Fan of gales      |       |       |       |     1 |     2 |       |     1 ||     4
       Lamp of fire      |       |       |       |       |       |       |     1 ||     1
  Use: Scroll            |       |     3 |     9 |    14 |    10 |    14 |    13 ||    63
       Potion            |       |       |       |    12 |     5 |     3 |     4 ||    24
 Stab: Confused          |       |       |       |       |       |       |     1 ||     1
  Eat: Ration            |       |     3 |     3 |     8 |     3 |    21 |     7 ||    45
Armor: Robe              |     3 |     2 |     7 |    13 |    28 |    12 |       ||    65
       Swamp dragon scal |       |       |       |       |       |    58 |    31 ||    89
Dodge: Dodged            |     9 |    49 |    72 |   284 |   421 |   665 |   258 ||  1758
Block: Buckler           |       |       |       |    34 |   254 |   500 |   180 ||   968
